 Dungeon Crawl Stone Soup version 0.30-a0-782-ge64f9170bb (console) character file.

Game seed: 7810471037532265856

2100 utis the Ducker (level 9, -5/56 HPs)
             Began as a Tengu Wanderer on Mar 11, 2023.
             Slain by a vampire (7 damage)
             ... on level 9 of the Dungeon.
             The game lasted 00:24:06 (7342 turns).

utis the Ducker (Tengu Wanderer)                    Turns: 7342, Time: 00:24:07

Health: -5/56      AC: 10    Str: 12    XL:     9   Next: 28%
Magic:  3/11       EV: 13    Int: 18    God:
Gold:   251        SH:  0    Dex: 13    Spells: 1/10 levels left

rFire   . . .      SeeInvis .    b - +0 whip (elec)
rCold   + . .      Faith    .    (no shield)
rNeg    . . .      Spirit   .    c - +1 scale mail {Will+}
rPois   .          Reflect  .    (helmet restricted)
rElec   .          Harm     .    l - scarf {shadows}
rCorr   .          Rampage  .    f - +2 pair of gloves
Will    +....                    (boots unavailable) Stlth
                                 (no amulet)
HPRegen 0.29/turn                C - ring of protection from cold
MPRegen 0.12/turn                (no ring)

@: lethally poisoned (-5 -> -11), flying quickly and evasively, very slightly
contaminated, quick
A: beak, talons 3, nimble flight
a: no special abilities


You were on level 9 of the Dungeon.
You visited 1 branch of the dungeon, and saw 7 of its levels.

You collected 251 gold pieces.

Inventory:

Hand Weapons
 a - a +2 sling
 b - a +0 whip of electrocution (weapon)
 k - a +0 halberd
 m - a +0 short sword
 r - a +0 dagger
Armour
 c - a +1 scale mail of willpower (worn)
 d - a +0 robe
 f - a +2 pair of gloves (worn)
 i - a +3 leather armour of fire resistance
 l - a scarf of shadows (worn)
 n - a +0 ring mail
Jewellery
 C - a ring of protection from cold (left hand)
Scrolls
 s - a scroll of blinking
 t - a scroll of torment {unknown}
 u - a scroll of enchant armour {unknown}
Potions
 g - 4 potions of attraction
 h - 3 potions of brilliance
 j - a potion of mutation {!q}
 o - a potion of cancellation
 v - a potion of invisibility


   Skills:
 + Level 6.5 Fighting
 - Level 2.0 Maces & Flails
 - Level 4.3 Ranged Weapons
 + Level 6.6 Dodging
 - Level 1.0 Spellcasting
 + Level 6.0 Conjurations
 - Level 3.0 Necromancy
 + Level 6.0 Air Magic
 - Level 3.0 Poison Magic
 - Level 2.0 Evocations


You had one spell level left.
You knew the following spells:

 Your Spells              Type           Power      Damage    Failure   Level
b - Lightning Bolt        Conj/Air       11%        1d24      95%         5
t - Static Discharge      Conj/Air       44%        2-4/arc   14%         2
Y - Cigotuvi's Dreadful   Necr/Pois/Air  30%        N/A       32%         2

Your spell library contained the following spells:

 Spells                   Type           Power      Damage    Failure   Level
 Apportation              Tloc           0%         N/A       73%         1
 Dazzling Flash           Conj/Hex       22%        N/A       67%         3
 Vhi's Electric Charge    Tloc/Air       22%        N/A       67%         3
 Arcjolt                  Conj/Air       11%        1d21      95%         5
 Iskenderun's Mystic Bla  Conj/Tloc      11%        2d4       97%         4
 Alistair's Intoxication  Tmut/Pois      4%         N/A       100%        5
 Starburst                Conj/Fire      5%         6d4       100%        6


Dungeon Overview and Level Annotations

Branches:
Dungeon (9/15)             Temple (0/1) D:4
   Lair: D:8-11         Orc: D:9-12

Altars:
Cheibriados
Elyvilon
Kikubaaqudgha
Qazlal
Yredelemnul

Portals:
Abyss: D:4

Annotations:
D:4 2 transporters, Athor's ghost, amateur VSBr
D:5 2 transporters, HoaS's ghost, amateur GrHu


Innate Abilities, Weirdness & Mutations

You have a beak for a mouth.
You have claws for feet.
Your magical nature lets you fly swiftly and evasively.


Message History

Casting: Static Discharge (safe; 14% risk of failure)
Confirm with . or Enter, or press ? or * to list all spells.
You miscast Static Discharge.
You are very lightly contaminated with residual magic.
Nothing appears to happen.
Something hits you but does no damage. Something bites you but does no damage.
Casting: Static Discharge (safe; 14% risk of failure)
Confirm with . or Enter, or press ? or * to list all spells.
The kobold demonologist is struck by an arc of lightning.
The kobold demonologist is lightly wounded.
Something is struck by an arc of lightning.
The kobold demonologist is struck by an arc of lightning.
The kobold demonologist is moderately wounded.
You are struck by an arc of lightning.
* * * LOW HITPOINT WARNING * * *
The lightning grounds out.
Something hits you but does no damage. Something bites you.
* * * LOW HITPOINT WARNING * * *
Something draws strength from your injuries!
The kobold demonologist hits you with a +2 dagger of venom.
* * * LOW HITPOINT WARNING * * *
You are poisoned.
Casting: Static Discharge (safe; 14% risk of failure)
Confirm with . or Enter, or press ? or * to list all spells.
Something is struck by an arc of lightning.
You are struck by an arc of lightning.
* * * LOW HITPOINT WARNING * * *
Something is struck by an arc of lightning.
The lightning grounds out.
* * * LOW MAGIC WARNING * * *
You feel very sick. Something completely misses you. Something bites you.
* * * LOW HITPOINT WARNING * * *
Something draws strength from your injuries!
The kobold demonologist hits you with a +2 dagger of venom.
* * * LOW HITPOINT WARNING * * *
Okay, then.
You closely miss something. Your kick misses something. You peck something.
* * * LOW HITPOINT WARNING * * *
You feel sick. Something hits you!
You die...

░░.....░░..░░░.░░.░░.░░..░
░░░░░░░░......░..............░..░
..............░..............░..░
░░░░░░.▒▒▒.▒▒▒░K.............+..░
░░░.▒§...°▒+..÷...........░..+
░...▒.....▒...............░..░
░░░.░...._....░+░░░░░░░+░░.░░
░...░░▒.....▒░░..░░░ .░ ░.░░░
▒§....▒ ░Q...░ . ░.░
▒▒▒.▒▒▒░░{K..░ . ░░.░
░..........░ ...░ ░░░░░░░░░+░░
.░░░ .


You could see a kobold demonologist.

Vanquished Creatures
  Sigmund (D:4)
  Edmund (D:5)
  An acid dragon (D:9)
  2 black bears
  2 ogres
  2 centaurs (D:6)
  A phantom (D:6)
  A bullfrog (D:9)
  2 necrophages
  3 scorpions (D:6)
  A howler monkey (D:6)
  5 orc priests
  3 hounds
  Jessica (D:2)
  4 iguanas
  Natasha (D:2)
  5 orc wizards
  9 adders
  An ufetubus (D:5)
  9 worms
  4 dart slugs
  22 orcs
  A giant cockroach (D:3)
  5 goblins
  9 hobgoblins
  5 quokkas
  4 ball pythons
  5 bats
  6 frilled lizards
  A goblin zombie (D:5)
  6 kobolds
  16 rats
  A rat zombie (D:5)
140 creatures vanquished.

Notes
Turn   | Place    | Note
-------+----------+-------------------------------------------
     0 | D:1      | utis the Tengu Wanderer began the quest for the Orb.
     0 | D:1      | utis set off with the following items: a +2 sling, a wand
                  | of flame (4), a potion of heal wounds {@q2}, a +0 robe; and
                  | the following spells available to memorise: Static
                  | Discharge, Cigotuvi's Dreadful Rot.
     0 | D:1      | Reached XP level 1. HP: 12/12 MP: 3/3
   200 | D:1      | Reached XP level 2. HP: 15/16 MP: 4/4
   302 | D:1      | Reached skill level 1 in Dodging
   607 | D:1      | Reached XP level 3. HP: 21/21 MP: 5/5
  1075 | D:2      | Found a faded altar of an unknown god.
  1086 | D:2      | Learned a level 2 spell: Static Discharge
  1202 | D:2      | Learned a level 2 spell: Cigotuvi's Dreadful Rot
  1640 | D:2      | Noticed Natasha
  1651 | D:2      | Killed Natasha
  1652 | D:2      | Reached skill level 1 in Conjurations
  1652 | D:2      | Reached XP level 4. HP: 19/27 MP: 6/6
  1801 | D:2      | Noticed Jessica
  1812 | D:2      | Killed Jessica
  1969 | D:3      | Found a stormy altar of Qazlal.
  2007 | D:3      | Gained mutation: Your magical nature lets you fly swiftly
                  | and evasively. [Tengu growth]
  2007 | D:3      | Reached XP level 5. HP: 30/31 MP: 7/7
  3327 | D:4      | Reached XP level 6. HP: 37/37 MP: 8/8
  3742 | D:4      | Found a transporter.
  3762 | D:4      | Found a transporter.
  3765 | D:4      | Noticed an ancient zyme
  3819 | D:4      | Reached skill level 1 in Maces & Flails
  3970 | D:4      | Noticed Athor's ghost (amateur VSBr)
  3980 | D:4      | Found a one-way gate to the infinite horrors of the Abyss.
  4195 | D:4      | Noticed Sigmund
  4264 | D:4      | Killed Sigmund
  4265 | D:4      | Reached XP level 7. HP: 19/44 MP: 4/9
  4381 | D:4      | Found a staircase to the Ecumenical Temple.
  4468 | D:4      | Noticed a torpor snail
  4470 | D:4      | Noticed a torpor snail
  4471 | D:4      | Found a snail-covered altar of Cheibriados.
  4471 | D:4      | Noticed a torpor snail
  4745 | D:5      | Entered Level 5 of the Dungeon
  4790 | D:5      | Found a transporter.
  4819 | D:5      | Reached skill level 1 in Necromancy
  4854 | D:5      | Reached skill level 5 in Dodging
  5163 | D:5      | Noticed Edmund
  5522 | D:5      | Reached XP level 8. HP: 44/47 MP: 10/10
  5579 | D:5      | Killed Edmund
  5580 | D:5      | Reached skill level 5 in Fighting
  5580 | D:5      | Reached skill level 5 in Conjurations
  5580 | D:5      | Reached skill level 5 in Air Magic
  5925 | D:5      | Found a transporter.
  5925 | D:5      | Noticed HoaS's ghost (amateur GrHu)
  6139 | D:6      | Reached skill level 1 in Poison Magic
  6619 | D:6      | Reached XP level 9. HP: 36/55 MP: 5/11
  7031 | D:6      | You are sucked into a shaft and drop 3 floors!
  7031 | D:9      | Found an ancient bone altar of Kikubaaqudgha.
  7187 | D:9      | Learned a level 5 spell: Lightning Bolt
  7233 | D:9      | Found a basalt altar of Yredelemnul.
  7298 | D:9      | Found a white marble altar of Elyvilon.
  7300 | D:9      | Noticed a kobold demonologist
  7342 | D:9      | HP: 2/56 [poisoned by a kobold demonologist]
  7342 | D:9      | Slain by a vampire

Illustrated notes

Levels and vault maps discovered:
D:1:      dpeg_arrival_yet_another_circle, layout_basic, minmay_rat_gold_closets
D:2:      layout_loops_ring, hellmonk_ecumenical_altar_run_dry, uniq_natasha,
          uniq_jessica
D:3:      layout_basic, lemuel_crystal_altar, lemuel_flame_loot_1
D:4:      layout_cave_pods, cheibriados_altar_2, temple_statues,
          gammafunk_ghost_abyssal_escape, minmay_statues_item,
          roderic_serpentine_path, nicolae_wormholes, uniq_sigmund
D:5:      layout_basic, enter_ossuary_4, gammafunk_ghost_mausoleum,
          serial_curves, eino_curves_01, eino_curves_01, hangedman_decor_points,
          nicolae_figureground_sparkle, uniq_edmund
D:6:      layout_rooms, gammafunk_temple_overflow_statue, kennysheep_mini,
          serial_park_tiny_pond
D:9:      layout_gridville, nicolae_kikubaaqudgha_miasma_corner,
          elyvilon_altar_3, yredelemnul_altar_generic,
          makhleb_altar_promises_db, erik_lair_orcish_takeover

Skill      XL: |  1  2  3  4  5  6  7  8  9 |
---------------+----------------------------+-----
Dodging        | 1 2 3 4 5 6 |  6.6
Fighting       | 2 3 4 6 |  6.5
Evocations     | 2 |  2.0
Conjurations   | 1 2 3 4 6 |  6.0
Maces & Flails | 2 |  2.0
Necromancy     | 1 2 3 |  3.0
Air Magic      | 6 |  6.0
Poison Magic   | 2 3 |  3.0
Ranged Weapons | |  4.3
Spellcasting   | |  1.0

Action                     |  1- 3 |  4- 6 |  7- 9 || total
---------------------------+-------+-------+-------++-------
  Melee: Short sword       |     2 |    59 |       ||    61
         Kick              |     2 |    18 |    50 ||    70
         Peck              |       |     8 |    21 ||    29
         Whip              |       |     2 |   159 ||   161
         Punch             |       |     1 |     3 ||     4
   Fire: Sling             |   136 |    70 |    10 ||   216
   Cast: Static Discharge  |     1 |    14 |    51 ||    66
         Cigotuvi's Dreadf |       |       |     1 ||     1
  Evoke: Wand              |     4 |       |       ||     4
    Use: Scroll            |     3 |     2 |     5 ||    10
         Potion            |     2 |     3 |     6 ||    11
 Armour: Robe              |    15 |    13 |       ||    28
         Ring mail         |       |       |    34 ||    34
         Scale mail        |       |       |    88 ||    88
  Dodge: Dodged            |    29 |    50 |   176 ||   255

Table legend: (Time is in decaauts)
 A = Elapsed time spent in this place.
 B = Non-inter-level travel time spent in this place.
 C = Inter-level travel time spent in this place.
 D = Time resting spent in this place.
 E = Time spent auto-exploring this place.
 F = Levels seen in this place.
 G = Mean time per level.
                   A        B        C        D        E       F      G
               +--------+--------+--------+--------+--------+-----+--------+
         Total |   7053 |   6673 |    380 |   1566 |   3622 |   7 | 1007.6 |
       Dungeon |   7053 |   6673 |    380 |   1566 |   3622 |   7 | 1007.6 |
               +--------+--------+--------+--------+--------+-----+--------+

Top non-repeatable levels by time:
     D:4: 1409 daAuts
     D:3: 1380 daAuts
     D:5: 1277 daAuts
     D:1: 1166 daAuts
     D:2: 800 daAuts
     D:6: 727 daAuts
     D:9: 291 daAuts
